[Event "Titled Tuesday Blitz October 04 Late 2022"]
[White "Martinez Alcantara, Jose Eduardo"]
[Black "Howell, David W L"]
[WhiteFideId "3805662"]
[BlackFideId "410608"]
[WhiteElo "2703"]
[BlackElo "2567"]
[Result "0-1"]
[Round "11"]
[TimeControl "180+1"]
[Date "2022.10.04"]
[WhiteClock "0:00:04"]
[BlackClock "0:00:24"]

1. e4 e6 2. d4 d5 3. exd5 exd5 4. Nf3 Bd6 5. h3 Ne7 6. Bd3 Bf5 7. O-O O-O 8. Nc3 c6 9. Re1 Bxd3 10. Qxd3 Nd7 11. Bg5 f6 12. Bh4 Re8 13. Ne2 Nf8 14. Bg3 Ne6 15. b3 Qd7 16. c4 Rad8 17. c5 Bxg3 18. Nxg3 Nf4 19. Qd2 Neg6 20. Re3 Rxe3 21. fxe3 Ne6 22. Qd3 Ne7 23. b4 a6 24. a4 Nc7 25. Rf1 Qe6 26. Nh4 g6 27. Ne2 Re8 28. g4 Kg7 29. Ng3 Ng8 30. Re1 Nh6 31. Ng2 Nf7 32. Nf4 Qd7 33. Kg2 Ne6 34. Nfh5+ gxh5 35. Nxh5+ Kf8 36. Nxf6 Qe7 37. Rf1 Neg5 38. Nxe8 Kxe8 39. Qf5 Qxe3 40. Qc8+ Nd8 41. h4 Qh3+ 42. Kg1 Qg3+ 43. Kh1 Nf3 44. Rxf3 Qxf3+ 45. Kh2 Qf2+ 46. Kh3 Qf3+ 47. Kh2 Qe2+ 48. Kh3 Qe3+ 49. Kh2 Qxd4 50. Qf5 Qe4 51. Qg5 Ne6 52. Qg8+ Ke7 53. Qc8 Qf4+ 54. Kh3 Qf3+ 55. Kh2 Qf2+ 56. Kh1 Qxh4+ 57. Kg1 Qxg4+ 58. Kf1 Qf4+ 59. Kg1 Qxb4 60. Qh8 Qxc5+ 61. Kh1 Qc1+ 62. Kh2 Qc2+ 63. Kh1 Qe4+ 64. Kh2 d4 65. Qb8 Qf4+ 0-1


[Site "https://www.chess.com"]

[Event "Titled Tuesday Blitz October 04 Late 2022"]
[White "Morefield, Jason"]
[Black "Kozak, Adam"]
[WhiteFideId "30920825"]
[BlackFideId "753246"]
[WhiteElo "2171"]
[BlackElo "2459"]
[Result "1-0"]
[Round "11"]
[TimeControl "180+1"]
[Date "2022.10.04"]
[WhiteClock "0:00:06"]
[BlackClock "0:00:01"]

1. e4 e5 2. Nf3 Nc6 3. Bb5 Nf6 4. d3 Bc5 5. Bxc6 dxc6 6. O-O Nd7 7. a3 O-O 8. b4 Bd6 9. Bb2 a5 10. Qd2 Re8 11. bxa5 Nc5 12. a4 Bg4 13. Ne1 Be6 14. Qe3 Rxa5 15. Nf3 Nxa4 16. Bc3 Ra6 17. Bxe5 Bf8 18. Nc3 b5 19. Nxa4 bxa4 20. Bc3 f6 21. Nd2 Qa8 22. f4 Qa7 23. Bd4 c5 24. Bc3 Rd8 25. f5 Bf7 26. Kh1 c4 27. d4 a3 28. g4 h6 29. h4 a2 30. g5 Ra3 31. gxf6 gxf6 32. e5 fxe5 33. Rg1+ Kh7 34. Ne4 Qb7 35. Rg2 Qc6 36. dxe5 Bd5 37. Qg3 Kh8 38. e6+ Rxc3 39. Qxc3+ Kh7 40. Nf6+ Kh8 41. Nxd5+ Kh7 42. Nf6+ Kh8 43. Ne4+ Kh7 44. Qg3 Qxe4 45. Qg8# 1-0


[Site "https://www.chess.com"]

[Event "Titled Tuesday Blitz October 04 Late 2022"]
[White "Preotu, Razvan"]
[Black "Pakleza, Zbigniew"]
[WhiteFideId "2613280"]
[BlackFideId "1119290"]
[WhiteElo "2407"]
[BlackElo "2411"]
[Result "0-1"]
[Round "11"]
[TimeControl "180+1"]
[Date "2022.10.04"]
[WhiteClock "0:00:03"]
[BlackClock "0:00:15"]

1. e4 d6 2. d4 Nf6 3. Nc3 c6 4. f4 Qb6 5. Nf3 Bg4 6. e5 Nd5 7. Nxd5 cxd5 8. c3 e6 9. Bd3 g6 10. O-O Nc6 11. Kh1 Be7 12. Qe1 Bf5 13. Bxf5 gxf5 14. b3 O-O-O 15. Ba3 Kb8 16. Rd1 h6 17. c4 dxe5 18. Bxe7 Nxe7 19. Nxe5 Rhf8 20. c5 Qc7 21. b4 Nc6 22. Nf3 Rg8 23. b5 Na5 24. Ne5 f6 25. b6 axb6 26. cxb6 Qxb6 27. Rb1 Qa7 28. Nf7 Rde8 29. Nd6 Re7 30. Nxf5 Ree8 31. Nd6 Re7 32. Qb4 Nc6 33. Qe1 Nxd4 34. Qe3 Rd8 0-1


[Site "https://www.chess.com"]

[Event "Titled Tuesday Blitz October 04 Late 2022"]
[White "Przybylski, Wojciech"]
[Black "Gritsenko, Nikolai"]
[WhiteFideId "1117599"]
[BlackFideId "14112493"]
[WhiteElo "2221"]
[BlackElo "2389"]
[Result "0-1"]
[Round "11"]
[TimeControl "180+1"]
[Date "2022.10.04"]
[WhiteClock "0:00:01"]
[BlackClock "0:00:04"]

1. e4 d5 2. exd5 Nf6 3. d4 Nxd5 4. Nf3 Bf5 5. Bd3 Bxd3 6. Qxd3 c6 7. O-O e6 8. c4 Nf6 9. Be3 Be7 10. h3 O-O 11. Nc3 Nbd7 12. Rfd1 Qa5 13. a3 Rad8 14. b4 Qh5 15. Qc2 Qg6 16. Qxg6 hxg6 17. Bf4 Nb6 18. Bc7 Rc8 19. Bxb6 axb6 20. Na4 Bd8 21. Ne5 Ra8 22. Nc3 Bc7 23. f4 Rfd8 24. Ne2 Bd6 25. Kf2 Ra7 26. Rdb1 Rda8 27. Rb3 Ra4 28. Nd3 Rd8 29. Nc3 Raa8 30. a4 Be7 31. Ne2 Ne4+ 32. Ke3 Nd6 33. Rc3 Nf5+ 34. Ke4 Bf6 35. Ne5 b5 36. c5 Rxa4 37. Rxa4 bxa4 38. Ra3 Ra8 39. Nc3 Ne7 40. Rxa4 Rb8 41. Nd7 Rd8 42. Nxf6+ gxf6 43. Ra7 Nf5 44. Ne2 Rd7 45. g4 Ne7 46. b5 cxb5 47. Ra5 b4 48. Rb5 Nc6 49. Rb6 f5+ 50. Ke3 Kg7 51. g5 Kf8 52. h4 Ke7 53. Kd3 Kd8 54. Kc4 Kc7 55. Rb5 Rd8 56. Rb6 Rh8 57. d5 exd5+ 58. Kxd5 Rxh4 59. Nd4 Nxd4 60. Kxd4 Rxf4+ 61. Ke5 Rc4 62. Kd5 Re4 63. Rf6 Re7 64. Kc4 Kd7 65. Kxb4 Ke8 66. Kb5 Re6 67. Rxe6+ fxe6 68. Kb6 f4 69. Kxb7 f3 70. c6 f2 71. c7 f1=Q 72. c8=Q+ Kf7 73. Qd7+ Kf8 74. Qd8+ Kg7 75. Qd4+ Kg8 76. Qe5 Qf8 77. Qxe6+ Kg7 78. Kc6 Qf5 79. Qe7+ Kg8 80. Kd6 Qd3+ 81. Ke6 Qf5+ 82. Kd6 Qd3+ 83. Kc7 Qf5 84. Kd8 Qd3+ 85. Qd7 Qf5 86. Qe8+ Kg7 87. Qe7+ Kg8 88. Qd7 Qxg5+ 89. Ke8 Qf6 90. Qd5+ Kg7 91. Qb7+ Kh6 92. Qh1+ Kg7 93. Qb7+ Kh8 94. Qd7 g5 95. Qh3+ Kg7 96. Qd7+ Kg6 0-1


[Site "https://www.chess.com"]

[Event "Titled Tuesday Blitz October 04 Late 2022"]
[White "Rasulov, Vugar"]
[Black "Melkumyan, Hrant"]
[WhiteFideId "13402390"]
[BlackFideId "13302485"]
[WhiteElo "2509"]
[BlackElo "2604"]
[Result "1-0"]
[Round "11"]
[TimeControl "180+1"]
[Date "2022.10.04"]
[WhiteClock "0:00:45"]
[BlackClock "0:00:01"]

1. d4 Nf6 2. c4 g6 3. Nc3 Bg7 4. e4 d6 5. h3 e5 6. d5 Na6 7. Be3 Nc5 8. Bd3 Nxd3+ 9. Qxd3 Nd7 10. Nge2 Nc5 11. Qc2 f5 12. f3 Bh6 13. Qd2 Bxe3 14. Qxe3 O-O 15. O-O-O f4 16. Qd2 a5 17. h4 Bd7 18. Kb1 Kh8 19. Nc1 a4 20. Nd3 b6 21. Nb4 Qe8 22. Qe2 Rg8 23. Rdg1 Ra5 24. Nc6 Bxc6 25. dxc6 Qxc6 26. Nd5 Rf8 27. h5 g5 28. h6 Ne6 29. g3 fxg3 30. Rxg3 Rc5 31. Ne7 Qe8 32. Nf5 Qg6 33. Rhg1 Nd4 34. Qd3 Nxf5 35. Rxg5 Qxh6 36. exf5 Qf6 37. Qe4 Ra5 38. Qh4 Qf7 39. f6 e4 40. Rxa5 bxa5 41. Rg7 Qxg7 42. fxg7+ Kxg7 43. Qxe4 h5 44. Kc2 Rf6 45. Kd3 Kh6 46. Ke3 Rg6 47. Qe7 Rg7 48. Qf6+ Rg6 49. Qh8+ Kg5 50. Qd8+ Kf5 51. Qh4 1-0


[Site "https://www.chess.com"]

[Event "Titled Tuesday Blitz October 04 Late 2022"]
[White "Rozman, Levy"]
[Black "Ballester Llagaria, Luis Eduardo"]
[WhiteFideId "2039877"]
[BlackFideId "2297620"]
[WhiteElo "2376"]
[BlackElo "2344"]
[Result "1/2-1/2"]
[Round "11"]
[TimeControl "180+1"]
[Date "2022.10.04"]
[WhiteClock "0:02:01"]
[BlackClock "0:00:41"]

1. e4 e6 2. c4 c5 3. Nc3 Nc6 4. g3 g6 5. Bg2 Bg7 6. d3 Nge7 7. Nge2 d6 8. Be3 Nd4 9. Rb1 Nec6 10. a3 O-O 11. O-O Nxe2+ 12. Nxe2 Nd4 13. Nxd4 cxd4 14. Bd2 e5 15. f4 f5 16. fxe5 dxe5 17. Qe2 Rb8 18. b4 b6 19. h4 Bb7 20. h5 Qe7 21. hxg6 hxg6 22. Rbe1 Rbe8 23. exf5 Bxg2 24. Qxg2 gxf5 25. g4 e4 26. Bf4 e3 27. Qd5+ Qe6 28. Qxe6+ Rxe6 29. g5 Be5 30. Kg2 Kg7 31. Kf3 Rh8 32. Rh1 Rxh1 33. Rxh1 Bxf4 34. Kxf4 e2 35. Re1 Kg6 36. Kf3 Re3+ 37. Kf4 1/2-1/2


[Site "https://www.chess.com"]

[Event "Titled Tuesday Blitz October 04 Late 2022"]
[White "Sarana, Alexey"]
[Black "Bortnyk, Olexandr"]
[WhiteFideId "24133795"]
[BlackFideId "14120828"]
[WhiteElo "2689"]
[BlackElo "2723"]
[Result "1-0"]
[Round "11"]
[TimeControl "180+1"]
[Date "2022.10.04"]
[WhiteClock "0:00:03"]
[BlackClock "0:00:02"]

1. c4 d6 2. Nc3 e5 3. g3 g6 4. Bg2 Bg7 5. e3 Ne7 6. Nge2 O-O 7. b4 c6 8. b5 Be6 9. d3 d5 10. bxc6 bxc6 11. cxd5 cxd5 12. O-O Nbc6 13. Qa4 Qd7 14. Ba3 Rfd8 15. Rfc1 f5 16. d4 exd4 17. exd4 Bf7 18. Re1 Nc8 19. Bc5 Nb6 20. Qa6 g5 21. Rab1 Rab8 22. Qd3 Nc4 23. Rxb8 Rxb8 24. Nc1 N6a5 25. Qe2 Bf6 26. Nd3 Nc6 27. Qd1 Nxd4 28. Nb4 Ne6 29. Nbxd5 Kg7 30. Qe2 Bxc3 31. Rd1 Nxc5 32. Qxc4 Na4 33. h4 Be5 34. hxg5 Nb2 35. Qe2 Nxd1 36. Qxe5+ Kf8 37. Qh8+ Bg8 38. Qf6+ Qf7 39. Qd6+ Kg7 40. Qe5+ Kg6 41. Nf4+ Kxg5 42. Qxb8 Nc3 43. Qd8+ Kh6 44. Qd6+ Kg7 45. Qd4+ 1-0


[Site "https://www.chess.com"]

[Event "Titled Tuesday Blitz October 04 Late 2022"]
[White "Shandrygin, Nikita"]
[Black "Hambleton, Aman"]
[WhiteFideId "24198668"]
[BlackFideId "2606577"]
[WhiteElo "2323"]
[BlackElo "2538"]
[Result "0-1"]
[Round "11"]
[TimeControl "180+1"]
[Date "2022.10.04"]
[WhiteClock "0:00:03"]
[BlackClock "0:00:04"]

1. e4 b6 2. d4 Bb7 3. Nc3 e6 4. a3 g6 5. Be3 Bg7 6. Qd2 h6 7. O-O-O d6 8. h3 a6 9. g4 b5 10. f4 Ne7 11. f5 gxf5 12. gxf5 Nd7 13. fxe6 fxe6 14. d5 Ne5 15. dxe6 Bc8 16. Be2 Bxe6 17. Nf3 N7c6 18. Nd5 Qd7 19. Nxe5 Nxe5 20. Bh5+ Bf7 21. Bxf7+ Qxf7 22. Rdf1 Qd7 23. b3 O-O-O 24. Rhg1 Kb7 25. a4 Rhf8 26. Rf5 Rxf5 27. exf5 Nf3 28. Qg2 Nxg1 29. f6 Bh8 30. Bxg1 Qc6 31. Bd4 Rf8 32. Qf3 bxa4 33. bxa4 Kb8 34. Qb3+ Ka8 35. Nb4 Qh1+ 36. Kb2 Rb8 37. Qc4 Qb7 38. Bc3 c5 39. Ka2 cxb4 40. Bb2 h5 41. f7 d5 42. Qc5 Qxf7 43. Qd6 Qb7 44. Bxh8 Rxh8 45. Qe5 Rc8 46. Kb2 Qc6 0-1


[Site "https://www.chess.com"]

[Event "Titled Tuesday Blitz October 04 Late 2022"]
[White "Tanenbaum, Zachary"]
[Black "Rangel, Daniel"]
[WhiteFideId "2060850"]
[BlackFideId "2124475"]
[WhiteElo "2175"]
[BlackElo "2225"]
[Result "0-1"]
[Round "11"]
[TimeControl "180+1"]
[Date "2022.10.04"]
[WhiteClock "0:00:02"]
[BlackClock "0:00:02"]

1. e4 c5 2. Nf3 g6 3. d4 cxd4 4. Qxd4 Nf6 5. e5 Nc6 6. Qa4 Nd5 7. Qb3 Nc7 8. Bf4 Bg7 9. Nc3 Ne6 10. Bg3 Ncd4 11. Nxd4 Nxd4 12. Qa4 Nc6 13. O-O-O Nxe5 14. Qe4 Nc6 15. Nb5 O-O 16. Nc7 Rb8 17. Nd5 d6 18. Nxe7+ Nxe7 19. Bxd6 Qb6 20. Bxb8 Qxb2+ 21. Kd2 Bf5 22. Qc4 Rc8 23. Bc7 Nd5 24. Bd3 Rxc7 25. Qxd5 Rxc2+ 26. Bxc2 Qxc2+ 27. Ke1 Bc3+ 28. Kf1 Be6 29. Qd8+ Kg7 30. h3 Bc4+ 31. Kg1 Be5 32. Qd2 Qf5 33. g3 Bb5 34. Kh2 Bc6 35. Rhg1 h5 36. Qe3 Bd7 37. Rd2 Qxh3# 0-1


[Site "https://www.chess.com"]

[Event "Titled Tuesday Blitz October 04 Late 2022"]
[White "Timmermans, Mark"]
[Black "Nasuta, Grzegorz"]
[WhiteFideId "1026399"]
[BlackFideId "1141686"]
[WhiteElo "2460"]
[BlackElo "2442"]
[Result "1-0"]
[Round "11"]
[TimeControl "180+1"]
[Date "2022.10.04"]
[WhiteClock "0:01:00"]
[BlackClock "0:00:03"]

1. Nf3 b6 2. c4 Bb7 3. e3 g6 4. Be2 Bg7 5. O-O e6 6. Nc3 Ne7 7. b3 d6 8. Bb2 Nd7 9. d4 O-O 10. a4 a5 11. Qc2 h6 12. Rad1 f5 13. Nd2 g5 14. Bf3 Bxf3 15. Nxf3 Rc8 16. Ba3 g4 17. Ne1 Ng6 18. c5 bxc5 19. dxc5 d5 20. c6 Nde5 21. Bxf8 Qxf8 22. Nb5 Ne7 23. Nd4 Qf7 24. f4 N5g6 25. Nd3 Bxd4 26. exd4 Qe8 27. Rc1 Rb8 28. Rfe1 Kf7 29. g3 Rb6 30. Nc5 Rxc6 31. Qd2 Qh8 32. Nd7 h5 33. Rxc6 Nxc6 34. Ne5+ Ncxe5 35. dxe5 h4 36. Rc1 hxg3 37. hxg3 Qh3 38. Rxc7+ Ne7 39. Qg2 Qh8 40. Qf2 Qh3 41. b4 axb4 42. a5 b3 43. a6 b2 44. Rb7 d4 45. a7 Qh8 46. Rb8 1-0


[Site "https://www.chess.com"]

[Event "Titled Tuesday Blitz October 04 Late 2022"]
[White "Vasquez Schroeder, Rodrigo"]
[Black "Andreikin, Dmitry"]
[WhiteFideId "3400042"]
[BlackFideId "4158814"]
[WhiteElo "2577"]
[BlackElo "2736"]
[Result "1/2-1/2"]
[Round "11"]
[TimeControl "180+1"]
[Date "2022.10.04"]
[WhiteClock "0:00:11"]
[BlackClock "0:00:04"]

1. e4 e6 2. d4 d5 3. Nc3 Bb4 4. e5 c5 5. Bd2 Bd7 6. Nce2 Bxd2+ 7. Qxd2 cxd4 8. Nxd4 Ne7 9. f4 Nbc6 10. Ngf3 Qb6 11. c3 h6 12. O-O-O O-O-O 13. Kb1 Kb8 14. Be2 Na5 15. Ka1 Rc8 16. b3 Rc7 17. Rc1 Rhc8 18. Rc2 a6 19. Rhc1 Qa7 20. g3 Nec6 21. Kb2 Qb6 22. Ka1 Na7 23. Qe3 Bb5 24. Bd1 Qc5 25. Kb2 Qb6 26. Ka1 Qc5 27. Kb2 Ka8 28. g4 Qb6 29. f5 Ba4 30. Qd3 Nb5 31. Nxb5 Bxb5 32. Qd4 Qc6 33. Qb4 Qb6 34. Qd4 Ka7 35. Rf2 Nc6 36. Qxb6+ Kxb6 37. Bc2 a5 38. a4 Ba6 39. Re1 d4 40. Nxd4 Nxd4 41. cxd4 Rd8 42. Rf4 Rcd7 43. Rd1 Kc7 44. h4 b5 45. axb5 Bxb5 46. Rd2 Kb6 47. g5 hxg5 48. hxg5 exf5 49. Bxf5 Re7 50. g6 fxg6 51. Bxg6 Rxe5 52. dxe5 Rxd2+ 53. Kc3 Re2 54. Be4 Bc6 55. Bxc6 Kxc6 56. Kd4 Rd2+ 57. Kc4 Re2 58. Kd4 Rd2+ 59. Ke4 Re2+ 60. Kd4 1/2-1/2


[Site "https://www.chess.com"]

[Event "Titled Tuesday Blitz October 04 Late 2022"]
[White "Zhigalko, Sergei"]
[Black "Ghasi, Ameet K"]
[WhiteFideId "13502956"]
[BlackFideId "409200"]
[WhiteElo "2662"]
[BlackElo "2587"]
[Result "0-1"]
[Round "11"]
[TimeControl "180+1"]
[Date "2022.10.04"]
[WhiteClock "0:00:03"]
[BlackClock "0:00:09"]

1. e4 g6 2. d4 Bg7 3. Nc3 d6 4. Nf3 e6 5. Be3 Ne7 6. Qd2 h6 7. Bd3 Nd7 8. O-O b6 9. Rfe1 Bb7 10. Ne2 a6 11. Ng3 c5 12. c3 Qc7 13. h3 Nf6 14. Rad1 b5 15. Bf4 Nd7 16. dxc5 Qxc5 17. Bf1 d5 18. exd5 Bxd5 19. Ne4 Qb6 20. Nd6+ Kf8 21. c4 bxc4 22. Bxc4 Qxb2 23. Qe3 Qb6 24. Qe2 Bf6 25. Ne4 Bg7 26. Bd6 Bxe4 27. Qxe4 Re8 28. Qf4 Nf6 29. Ne5 g5 30. Qf3 Kg8 31. a3 Nf5 32. Bb4 h5 33. Nd7 Nxd7 34. Rxd7 g4 35. Qxf5 exf5 36. Bxf7+ Kh7 37. Bxe8 g3 38. Re2 Rxe8 0-1


[Site "https://www.chess.com"]

[Event "Titled Tuesday Blitz October 04 Late 2022"]
[White "Zou, Chen"]
[Black "Ivanisevic, Ivan"]
[WhiteFideId "8610959"]
[BlackFideId "912417"]
[WhiteElo "2325"]
[BlackElo "2582"]
[Result "0-1"]
[Round "11"]
[TimeControl "180+1"]
[Date "2022.10.04"]
[WhiteClock "0:00:04"]
[BlackClock "0:00:14"]

1. e4 e5 2. Nf3 Nc6 3. Bb5 a6 4. Ba4 d6 5. c3 Nf6 6. O-O Be7 7. d4 b5 8. Bc2 O-O 9. Nbd2 Bg4 10. h3 Bh5 11. d5 Nb8 12. a4 Nbd7 13. Re1 Nc5 14. axb5 axb5 15. Rxa8 Qxa8 16. Nf1 Bg6 17. Ng3 c6 18. dxc6 Qxc6 19. Nh4 Ra8 20. Nhf5 Bf8 21. Bg5 Ncd7 22. Bb3 h6 23. Bd2 Nc5 24. Bc2 Ra2 25. Qb1 Ra8 26. b4 Ne6 27. Bb3 Rc8 28. Qd3 Nf4 29. Qf3 d5 30. exd5 N4xd5 31. Rxe5 Nxc3 32. Qxc6 Rxc6 33. Ne7+ Bxe7 34. Rxe7 Ncd5 35. Re5 Rd6 36. Nf5 Bxf5 37. Rxf5 Ne7 38. Re5 Nc6 39. Rc5 Nd4 40. Rc8+ Kh7 41. Bc2+ Nxc2 42. Rxc2 Ne4 43. Be3 f5 44. f3 Nf6 45. Kf2 Nd5 46. Rd2 Rd7 47. Rd4 Kg6 48. Bd2 Kf6 49. g4 Ke5 50. Rd3 fxg4 51. hxg4 Rc7 52. Kg3 Rc4 53. Rb3 Rd4 54. Be1 Rd1 55. Kf2 g5 56. Rb2 Nf4 57. Bc3+ Kd5 58. Rd2+ Rxd2+ 59. Bxd2 Kc4 60. Ke3 Nd5+ 61. Ke4 Nxb4 62. Kf5 Nd3 63. Kg6 Ne5+ 64. Kxh6 Nxf3 0-1